 Dungeon Crawl Stone Soup version 0.22.0 (webtiles) character file.

869 Sogov the Carver (level 7, 0/57 HPs)
             Began as a Minotaur Abyssal Knight on Aug 10, 2018.
             Was a Priest of Lugonu.
             Slain by an ice beast (6 damage)
             ... on level 6 of the Dungeon.
             The game lasted 00:09:11 (6227 turns).

Sogov the Carver (Minotaur Abyssal Knight)          Turns: 6227, Time: 00:09:12

Health: 0/57       AC:  4    Str: 19    XL:     7   Next: 73%
Magic:  9/9        EV: 10    Int:  9    God:    Lugonu [***...]
Gold:   268        SH:  3    Dex:  9    Spells: 6/6 levels left

rFire    . . .     SeeInvis .   a - +1 falchion
rCold    . . .     Gourm    .   r - +0 buckler
rNeg     . . .     Faith    .   t - -1 ring mail (curse)
rPois    .         Spirit   .   (helmet restricted)
rElec    .         Reflect  .   (no cloak)
rCorr    .         Harm     .   (no gloves)
MR       .....                  (no boots)
Stlth    ..........             w - amulet of inaccuracy (curse)
HPRegen  0.19/turn              n - ring of wizardry
MPRegen  0.11/turn              A - ring of wizardry

@: no status effects
A: retaliatory headbutt, horns 2
a: Depart the Abyss, Bend Space, Banish, Renounce Religion


You were on level 6 of the Dungeon.
You worshipped Lugonu.
Lugonu was most pleased with you.
You were not hungry.

You visited 2 branches of the dungeon, and saw 7 of its levels.
You visited the Abyss 1 time.

You collected 268 gold pieces.

Inventory:

Hand Weapons
 a - a +1 falchion (weapon)
Missiles
 u - 2 poisoned tomahawks (quivered)
Armour
 b - a +0 leather armour
 l - a +0 leather armour of fire resistance
 o - a +0 cloak
 q - a +0 chain mail of magic resistance
 r - a +0 buckler (worn)
 s - a +2 chain mail of cold resistance
 t - a cursed -1 ring mail (worn)
Jewellery
 n - a ring of wizardry (left hand)
 w - a cursed amulet of inaccuracy (around neck)
 A - a ring of wizardry (right hand)
Wands
 y - a wand of paralysis (17)
Scrolls
 d - a scroll of magic mapping
 e - a scroll of noise
 f - a scroll of fear {unknown}
 g - 4 scrolls of teleportation
 k - 3 scrolls of fog
 v - 3 scrolls of identify
Potions
 h - 4 potions of curing
 i - 2 potions of haste {unknown}
 j - a potion of brilliance {unknown}
 m - a potion of ambrosia {unknown}
 p - 2 potions of lignification {unknown}
 x - a potion of cancellation {unknown}
 B - a potion of might {unknown}
Comestibles
 c - 7 rations


   Skills:
 - Level 3.6 Fighting
 * Level 8.7 Long Blades
 - Level 2.4 Armour
 - Level 1.1 Dodging
 + Level 2.1 Shields
 + Level 5.1 Invocations


You had 6 spell levels left.
You didn't know any spells.
Your spell library contained the following spells:

 Spells                   Type           Power        Failure   Level  Hunger
 Apportation              Tloc           #.....       22%         1    ##.....
 Summon Small Mammal      Summ           #...         22%         1    ##.....
 Animate Skeleton         Necr           N/A          22%         1    ##.....
 Confusing Touch          Hex            #.....       22%         1    ##.....


Dungeon Overview and Level Annotations

Branches:
Dungeon (6/15)             Temple (1/1) D:5

Altars:
Dithmenos
Elyvilon
Fedhas
Gozag
Hepliaklqana
Kikubaaqudgha
Makhleb
Nemelex Xobeh
Qazlal
Ru
Sif Muna
Uskayaw
Vehumet
Xom
Yredelemnul
Zin
The Shining One


Innate Abilities, Weirdness & Mutations

You reflexively headbutt those who attack you in melee.
You have a pair of horns on your head.


Message History

You are too injured to fight recklessly!
You are too injured to fight recklessly!
You barely miss the ice beast. Your headbutt misses the ice beast.
You block the ice beast's attack.
You barely miss the ice beast. Your headbutt misses the ice beast.
The ice beast barely misses you.
You riposte.
You hit the ice beast but do no damage. You closely miss the ice beast.
The ice beast hits you. The ice beast freezes you!
* * * LOW HITPOINT WARNING * * *
You closely miss the ice beast. You closely miss the ice beast.
The ice beast barely misses you.
You riposte.
You miss the ice beast. You completely miss the ice beast.
Your headbutt misses the ice beast.
The ice beast hits you but does no damage.
You closely miss the ice beast. You block the ice beast's attack.
You closely miss the ice beast. The ice beast hits you.
* * * LOW HITPOINT WARNING * * *
The ice beast freezes you.
You die...

....##..
##......#.
..........
......#..
......... #.
#. #......
#.# #. #Y†.#
...##. ##@#
....#.###.##
$.......##
.###..##.##
#..>...#
##.###..#
#.# .....
#.# #.##..
##.## .# #


You could see an ice beast.

Vanquished Creatures
  An ice beast (D:5)
  2 phantoms
  An ogre (D:6)
  A crimson imp (D:5)
  A hound (D:6)
  A bullfrog skeleton (D:5)
  An orc priest (D:3)
  3 iguanas (D:5)
  A worker ant (D:4)
  Terence (D:2)
  A hound skeleton (D:5)
  A worker ant zombie (D:5)
  7 adders
  5 gnolls
  A shadow imp (D:5)
  2 oozes
  A worm (D:3)
  4 dart slugs
  2 leopard geckos
  22 orcs
  7 giant cockroaches
  8 goblins
  8 hobgoblins
  3 jackals (D:4)
  A ball python (D:4)
  4 bats
  4 frilled lizards
  A jackal skeleton (D:5)
  9 kobolds
  A quokka skeleton (D:6)
  10 rats
115 creatures vanquished.

Notes
Turn   | Place    | Note
-------+----------+-------------------------------------------
     0 | Abyss:1  | Sogov the Minotaur Abyssal Knight began the quest for the Orb.
     0 | Abyss:1  | Reached XP level 1. HP: 19/19 MP: 1/1
     4 | D:1      | Escaped the Abyss
   137 | D:1      | Reached skill level 3 in Long Blades
   144 | D:1      | Reached XP level 2. HP: 26/26 MP: 2/2
   898 | D:2      | Reached XP level 3. HP: 31/31 MP: 3/3
   944 | D:2      | Found an ancient bone altar of Kikubaaqudgha.
   970 | D:2      | Reached ** piety under Lugonu
  1022 | D:2      | Reached skill level 4 in Long Blades
  1301 | D:2      | Found a sparkling altar of Nemelex Xobeh.
  1315 | D:2      | Reached XP level 4. HP: 19/39 MP: 5/5
  1619 | D:2      | Noticed Terence
  1632 | D:2      | Killed Terence
  1763 | D:2      | Found a deep blue altar of Sif Muna.
  1833 | D:3      | Reached skill level 5 in Long Blades
  2024 | D:3      | Reached XP level 5. HP: 42/45 MP: 6/6
  2897 | D:3      | Reached *** piety under Lugonu
  3265 | D:3      | Reached skill level 6 in Long Blades
  3726 | D:4      | Noticed a phantom
  3752 | D:4      | Killed a phantom
  3752 | D:4      | Reached XP level 6. HP: 25/51 MP: 6/8
  4269 | D:4      | Found a sparkling altar of Nemelex Xobeh.
  4337 | D:4      | Reached skill level 7 in Long Blades
  4453 | D:4      | Found a sacrificial altar of Ru.
  4627 | D:5      | Entered Level 5 of the Dungeon
  4803 | D:5      | Noticed an ice beast
  4814 | D:5      | Killed an ice beast
  5040 | D:5      | Reached XP level 7. HP: 22/57 MP: 9/9
  5365 | D:5      | Reached skill level 8 in Long Blades
  5412 | D:5      | Found a stormy altar of Qazlal.
  5552 | D:5      | Found a shadowy altar of Dithmenos.
  5565 | D:5      | Found a shadowy altar of Dithmenos.
  5625 | D:5      | Reached skill level 1 in Shields
  5808 | D:5      | Found a staircase to the Ecumenical Temple.
  5954 | D:5      | Found a hide-covered altar of Uskayaw.
  6074 | Temple   | Entered the Ecumenical Temple
  6210 | D:6      | Reached skill level 5 in Invocations
  6227 | D:6      | Slain by an ice beast

Skill      XL: |  1  2  3  4  5  6  7 |
---------------+----------------------+-----
Invocations    | 2 3 4 5 |  5.1
Long Blades    | 3 4 5 6 7 8 |  8.7
Shields        | 2 |  2.1
Fighting       | |  3.6
Armour         | |  2.4
Dodging        | |  1.1

Action                   |  1- 3 |  4- 6 |  7- 9 || total
-------------------------+-------+-------+-------++-------
Melee: Falchion          |    80 |   179 |    88 ||   347
       Headbutt          |     7 |    29 |     8 ||    44
Invok: Bend Space        |       |     3 |       ||     3
  Use: Scroll            |       |     7 |       ||     7
 Stab: Invisible         |       |     1 |       ||     1
       Paralysed         |       |     1 |       ||     1
  Eat: Chunk             |     1 |    11 |     5 ||    17
Armor: Leather armour    |    22 |    20 |       ||    42
       Ring mail         |       |     3 |    13 ||    16
Dodge: Dodged            |    60 |    85 |    34 ||   179
Block: Buckler           |       |       |     4 ||     4
       Rpst.: Falchion   |    16 |    26 |    11 ||    53
